 Dungeon Crawl Stone Soup version 0.27-a0-1177-g245c70e1c0 (webtiles) character file.

Game seed: 9353477498052791766

13696 Charly the Archer (level 11, 0/63 HPs)
             Began as a Deep Elf Arcane Marksman on May 16, 2021.
             Was an Elder of Cheibriados.
             Engulfed by a cloud of freezing vapour (47 damage)
             ... in an ice cave.
             The game lasted 00:58:32 (13878 turns).

Charly the Archer (Deep Elf Arcane Marksman)       Turns: 13878, Time: 00:58:33

Health: 0/63       AC: 11    Str: 18    XL:     11   Next: 79%
Magic:  25/25      EV: 12    Int: 35    God:    Cheibriados [****..]
Gold:   431        SH:  0    Dex: 24    Spells: 1/26 levels left

rFire    . . .     SeeInvis .   b - +8 storm bow {elec, penet}
rCold    . . .     Faith    .   (shield currently unavailable)
rNeg     . . .     Spirit   .   A - +2 swamp dragon scales
rPois    +         Reflect  .   (no helmet)
rElec    .         Harm     .   C - +0 cloak
rCorr    .         Rampage  .   (no gloves)
Will     +....                  (no boots)
Stlth    ++........             (no amulet)
HPRegen  0.20/turn              J - +4 ring of slaying
MPRegen  0.19/turn              t - +6 ring of intelligence

@: very slow
A: no striking features
a: Renounce Religion, Bend Time, Temporal Distortion, Slouch


You were in an ice cave.
You worshipped Cheibriados.
Cheibriados was greatly pleased with you.
You visited 3 branches of the dungeon, and saw 12 of its levels.
You also visited: Ice Cave.

You collected 1426 gold pieces.
You spent 995 gold pieces at shops.

Inventory:

Hand Weapons
 a - a +0 dagger
 b - the +8 storm bow (weapon) {elec, penet}
   (You acquired it on level 6 of the Dungeon)

   It charges the ammunition it shoots with electricity; occasionally upon a
   hit, such missiles may discharge and cause terrible harm.
   Ammo fired by it passes through the targets it hits, potentially hitting all
   targets in its path until it reaches maximum range.
 m - the +2 battleaxe of Yeast {speed, rF+ Will+}
   (You found it on level 3 of the Dungeon)

   Attacks with this weapon are significantly faster.
   It protects you from fire.
   It increases your willpower.
   Cheibriados disapproves of the use of such an item.
Missiles
 d - 108 arrows (quivered ammo)
 j - a throwing net
 p - 6 atropa-tipped darts
 L - a curare-tipped dart
Armour
 A - +2 swamp dragon scales (worn)
 C - a +0 cloak (worn)
Jewellery
 f - a ring of protection from fire
 t - a +6 ring of intelligence (right hand)
 J - a +4 ring of slaying (left hand)
Wands
 l - a wand of digging (3)
 q - a wand of iceblast (7)
 w - a wand of flame (15)
 D - a wand of polymorph (15)
 G - a wand of acid (8)
Scrolls
 e - a scroll of immolation
 h - 6 scrolls of enchant weapon
 n - a scroll of fear {unknown}
 v - a scroll of silence
 x - a scroll of torment {unknown}
 y - a scroll of amnesia
 z - a scroll of fog
 F - a scroll of vulnerability {unknown}
 K - a scroll of teleportation {unknown}
Potions
 c - 4 potions of curing
 g - a potion of resistance
 i - 2 potions of mutation
 k - 3 potions of cancellation
 o - 2 potions of flight
 r - a potion of ambrosia
 s - a potion of might {unknown}
 u - 2 potions of lignification
 B - a potion of haste {unknown}
 E - 3 potions of attraction
 H - 2 potions of heal wounds


   Skills:
 - Level 5.0 Fighting
 - Level 14.8 Bows
 + Level 4.7 Armour
 - Level 2.4 Dodging
 - Level 2.0 Stealth
 - Level 8.0 Spellcasting
 + Level 1.6 Conjurations
 - Level 10.0 Hexes
 - Level 3.0 Summonings
 - Level 4.0 Translocations
 - Level 3.0 Fire Magic
 + Level 1.4 Air Magic
 - Level 3.0 Earth Magic
 + Level 1.7 Poison Magic
 + Level 4.6 Invocations
 - Level 5.0 Evocations


You had one spell level left.
You knew the following spells:

 Your Spells              Type           Power      Damage    Failure   Level
a - Corona                Hex            78%        N/A       1%          1
b - Blink                 Tloc           N/A        N/A       1%          2
f - Cause Fear            Hex            35%        N/A       1%          4
g - Summon Guardian Gole  Hex/Summ       56%        N/A       1%          3
i - Inner Flame           Hex/Fire       56%        N/A       1%          3
l - Leda's Liquefaction   Hex/Erth       28%        N/A       3%          4
m - Mephitic Cloud        Conj/Pois/Air  25%        N/A       8%          3
p - Portal Projectile     Hex/Tloc       100%       N/A       1%          3
s - Slow                  Hex            71%        N/A       1%          2

Your spell library contained the following spells:

 Spells                   Type           Power      Damage    Failure   Level
 Foxfire                  Conj/Fire      100%       2x1d9     1%          1
 Summon Small Mammal      Summ           100%       N/A       1%          1
 Magic Dart               Conj           100%       1d8       2%          1
 Sting                    Tmut/Pois      80%        1d7       3%          1
 Call Imp                 Summ           35%        N/A       2%          2
 Poisonous Vapours        Pois/Air       50%        N/A       4%          2
 Call Canine Familiar     Summ           35%        N/A       4%          3
 Conjure Flame            Conj/Fire      30%        6-21      6%          3
 Ignite Poison            Fire/Tmut/Pois 25%        N/A       9%          3
 Sticky Flame             Conj/Fire      30%        2d5       19%         4
 Summon Lightning Spire   Summ/Air       29%        N/A       21%         4
 Olgreb's Toxic Radiance  Pois           26%        N/A       26%         4
 Summon Ice Beast         Ice/Summ       24%        N/A       26%         4
 Fireball                 Conj/Fire      15%        3d8       47%         5
 Starburst                Conj/Fire      15%        8x6d6     96%         6
 Ignition                 Fire           17%        3d7       100%        8


Dungeon Overview and Level Annotations

Branches:
Dungeon (10/15)            Temple (1/1) D:5            Lair (1/6) D:9
    Orc (0/2) D:9           IceCv (1/1)

Altars:
Ashenzari
Cheibriados
Dithmenos
Elyvilon
Fedhas
Gozag
Hepliaklqana
Kikubaaqudgha
Makhleb
Nemelex Xobeh
Okawaru
Qazlal
Ru
Sif Muna
Trog
Uskayaw
Vehumet
Wu Jian
Xom
Yredelemnul
Zin
The Shining One

Shops:
D:5 *   D:8 *

Annotations:
IceCv exclusion: ice statue


Message History

The arrow pierces through the ice statue!
The ice statue is severely damaged.
The ice statue gestures.
Fire: 93 arrows
Press: ? - help, Q - select action, (/) - cycle Shift-Dir - straight line, f/p - ice statue
Aim: an ice statue (severely damaged, 95% to hit)
You shoot an arrow.
The arrow pierces through the ice beast!!
You kill the ice beast!
The arrow pierces through the ice statue but does no damage.
The ice statue is severely damaged.
Fire: 92 arrows
Press: ? - help, Q - select action, (/) - cycle Shift-Dir - straight line, f/p - ice statue
Aim: an ice statue (severely damaged, 95% to hit)
You shoot an arrow.
The arrow pierces through the ice statue!
The ice statue is almost destroyed.
The ice statue glitters chillingly in the dim dungeon light.
The ice statue gestures.
Fire: 91 arrows
Press: ? - help, Q - select action, (/) - cycle Shift-Dir - straight line, f/p - ice statue
Aim: an ice statue (almost destroyed, 95% to hit)
You shoot an arrow.
The arrow pierces through the ice statue!
You destroy the ice statue!
Cheibriados appreciates the change of pace.
The ice beast disappears in a puff of smoke!
d - 91 arrows (gained 1)
d - 93 arrows (gained 2)
d - 97 arrows (gained 4)
d - 106 arrows (gained 9)
d - 108 arrows (gained 2) Really walk into a travel-excluded area?
Okay, then.
You are engulfed in freezing vapours.
Really walk into a travel-excluded area?
Okay, then.
You are engulfed in freezing vapours.
Ouch! That really hurt!
You die...

## #.# #.# #.# #####§##
##.#.##☼## ####
##...§§§§@##### ##..##
#....§§§##.#..#####....##
#....§...##....##.......#
#....(......#.......∩.∩.#
#...(.....###..........#
#.......### ##..##....##
#......## ######..##
#...(..8 #### ##.....#


There were no monsters in sight!

Vanquished Creatures
  Snorg (D:10)
  A two-headed ogre (D:8)
  A cyclops (D:9)
  Joseph (D:10)
  An ice statue (IceCv)
  Maggie (D:7)
  2 rime drakes (Lair:1)
  2 trolls (D:10)
  14 yaks
  Eustachio (D:7)
  Grum (D:8)
  2 wyverns
  Menkaure (D:7)
  Edmund (D:6)
  Duvessa (D:5)
  2 acid dragons
  2 water moccasins
  A black bear (D:6)
  A hornet zombie (D:5)
  An orc warrior (D:7)
  3 wolves (D:8)
  4 ogres
  3 centaurs
  A phantom (D:4)
  A kobold brigand (D:10)
  Blork the orc (D:6)
  3 bullfrogs
  4 gnoll sergeants
  Dowan (D:5)
  2 scorpions
  9 killer bees
  5 wights (D:8)
  10 howler monkeys
  A crimson imp (D:6)
  A centaur zombie (D:8)
  A jelly (D:6)
  3 centaur skeletons
  An orc priest (D:8)
  6 hounds
  A bullfrog skeleton (D:6)
  A killer bee zombie (D:8)
  A howler monkey zombie (D:7)
  4 adders
  9 gnolls
  6 white imps
  6 ufetubi
  An adder skeleton (D:4)
  A worm (D:4)
  3 dart slugs
  9 orcs
  3 bats
  5 endoplasms
  4 giant cockroaches
  2 goblins
  5 hobgoblins
  16 jackals
  9 kobolds
  3 quokkas
  11 ball pythons
  2 frilled lizards
  7 rats
207 creatures vanquished.

Vanquished Creatures (others)
  A reaper (IceCv)
  Prince Ribbit (D:7)
  An acid dragon (D:7)
  A black bear (D:8)
  Crazy Yiuf (D:7)
  5 white imps (IceCv)
  5 ufetubi (IceCv)
15 creatures vanquished.

Grand Total: 222 creatures vanquished

Notes
Turn   | Place    | Note
-------+----------+-------------------------------------------
     0 | D:1      | Charly the Deep Elf Arcane Marksman began the quest for the
                  | Orb.
     0 | D:1      | Reached XP level 1. HP: 11/11 MP: 5/5
   119 | D:1      | Reached skill level 1 in Stealth
   234 | D:1      | Reached skill level 1 in Fighting
   270 | D:1      | Found a faded altar of an unknown god.
   274 | D:1      | Reached XP level 2. HP: 16/16 MP: 4/6
   384 | D:1      | Learned a level 2 spell: Slow
  1333 | D:2      | Reached XP level 3. HP: 21/21 MP: 7/7
  1384 | D:2      | Identified a scroll of acquirement
  1384 | D:2      | Acquired 923 gold pieces
  1390 | D:2      | Reached skill level 3 in Bows
  1557 | D:2      | Reached skill level 4 in Bows
  1658 | D:2      | Reached XP level 4. HP: 24/26 MP: 0/8
  3824 | D:3      | Found a shimmering altar of Xom.
  3851 | D:3      | Reached skill level 1 in Evocations
  3954 | D:3      | Reached XP level 5. HP: 30/30 MP: 7/10
  4069 | D:3      | Identified the +2 battleaxe of Yeast {speed, rF+ Will+}
  4438 | D:3      | Reached skill level 5 in Hexes
  4476 | D:3      | Learned a level 4 spell: Cause Fear
  5147 | D:4      | Noticed a phantom
  5156 | D:4      | Killed a phantom
  5293 | D:5      | Entered Level 5 of the Dungeon
  5301 | D:5      | Reached XP level 6. HP: 34/35 MP: 6/12
  5363 | D:5      | Found a staircase to the Ecumenical Temple.
  5384 | Temple   | Entered the Ecumenical Temple
  5452 | Temple   | Became a worshipper of Cheibriados the Contemplative
  5961 | D:5      | You fall into a shaft and drop 1 floor!
  5963 | D:6      | Noticed Edmund
  6173 | D:6      | Learned a level 3 spell: Inner Flame
  6261 | D:6      | Acquired the +8 storm bow {elec, penet}
  6262 | D:6      | Found the +8 storm bow {elec, penet}
  6391 | D:6      | Killed Edmund
  6392 | D:6      | Reached XP level 7. HP: 40/40 MP: 11/15
  6444 | D:6      | Reached skill level 1 in Fire Magic
  6868 | D:6      | Reached skill level 5 in Spellcasting
  6868 | D:6      | Reached XP level 8. HP: 35/44 MP: 14/17
  6936 | D:6      | Learned a level 3 spell: Portal Projectile
  7019 | D:5      | Noticed Duvessa
  7025 | D:5      | Noticed Dowan
  7026 | D:5      | Killed Duvessa
  7027 | D:5      | Reached skill level 1 in Translocations
  7036 | D:5      | Killed Dowan
  7037 | D:5      | Reached skill level 5 in Evocations
  7555 | D:5      | Found Fera Gui's Assorted Antiques.
  7565 | D:5      | Bought a metallic sapphire potion for 23 gold pieces
  7565 | D:5      | Bought a pearl ring for 130 gold pieces
  7565 | D:5      | Bought a bubbling amethyst potion for 23 gold pieces
  7565 | D:5      | Bought a scroll of silence for 195 gold pieces
  7565 | D:5      | Bought a scroll of identify for 52 gold pieces
  7834 | D:5      | Reached skill level 10 in Hexes
  8028 | D:5      | Learned a level 3 spell: Summon Guardian Golem
  8171 | D:6      | Reached skill level 5 in Bows
  8235 | D:6      | Reached * piety under Cheibriados
  8236 | D:6      | Reached skill level 1 in Summonings
  8386 | D:7      | Noticed Eustachio
  8396 | D:7      | Noticed Blork the orc
  8415 | D:6      | Killed Blork the orc
  8664 | D:7      | Reached skill level 6 in Bows
  8808 | D:7      | Reached XP level 9. HP: 48/48 MP: 14/18
  8810 | D:7      | Killed Eustachio
  8843 | D:7      | Learned a level 4 spell: Leda's Liquefaction
  8912 | D:7      | Noticed Menkaure
  8926 | D:7      | Killed Menkaure
  8927 | D:7      | Reached skill level 1 in Earth Magic
  9191 | D:7      | Noticed Maggie
  9205 | D:7      | Killed Maggie
  9360 | D:7      | Reached skill level 14 in Bows
  9360 | D:7      | Reached XP level 10. HP: 56/56 MP: 21/21
  9424 | D:7      | Noticed Prince Ribbit
  9435 | D:7      | Killed Prince Ribbit
  9436 | D:7      | Reached skill level 1 in Armour
  9595 | D:7      | Found a runed translucent door.
  9596 | D:7      | Noticed Crazy Yiuf
  9752 | D:7      | Killed Crazy Yiuf
  9969 | D:8      | Noticed a two-headed ogre
  9974 | D:8      | Killed a two-headed ogre
 10056 | D:8      | Found a glowing golden altar of the Shining One.
 10207 | D:8      | Found Cuciy's General Store.
 10211 | D:8      | Bought a scroll of identify for 26 gold pieces
 10211 | D:8      | Bought a potion of cancellation for 104 gold pieces
 10211 | D:8      | Bought a wand of acid (8) for 312 gold pieces
 10211 | D:8      | Bought 2 potions of heal wounds for 130 gold pieces
 10235 | D:8      | Reached XP level 11. HP: 61/61 MP: 20/23
 10306 | D:8      | Noticed Grum
 10312 | D:8      | Killed Grum
 10376 | D:8      | Reached ** piety under Cheibriados
 10631 | D:8      | Learned a level 2 spell: Blink
 10811 | D:9      | Found a staircase to the Orcish Mines.
 10823 | D:9      | Reached skill level 5 in Fighting
 10939 | D:9      | Found a staircase to the Lair.
 11067 | D:9      | Reached skill level 1 in Invocations
 11559 | D:10     | Entered Level 10 of the Dungeon
 11575 | D:10     | Reached *** piety under Cheibriados
 11788 | D:10     | Noticed Snorg
 11873 | D:10     | Noticed Joseph
 12161 | D:10     | Killed Snorg
 12836 | D:10     | Killed Joseph
 12921 | D:10     | Learned a level 3 spell: Mephitic Cloud
 13128 | Lair:1   | Entered Level 1 of the Lair of Beasts
 13179 | Lair:1   | Reached skill level 1 in Conjurations
 13179 | Lair:1   | Reached skill level 1 in Poison Magic
 13183 | Lair:1   | Reached skill level 1 in Air Magic
 13290 | Lair:1   | Found a frozen archway.
 13409 | IceCv    | Entered an ice cave
 13426 | IceCv    | Reached **** piety under Cheibriados
 13577 | IceCv    | Killed a reaper
 13878 | IceCv    | Engulfed by a cloud of freezing vapour

Illustrated notes

Levels and vault maps discovered:
D:1:      tarquinn_simple_flora_water_e, layout_loops_ring,
          hellmonk_ecumenical_altar_blasted, grunt_decor_resistance
D:2:      layout_rooms, minmay_misc_feat_ornament
D:3:      minmay_octagon_keep, layout_loops_corners, lemuel_crystal_altar
D:4:      layout_rooms
D:5:      layout_loops_corners, minmay_temple_entry_junction, serial_shops,
          nicolae_shop_trees, feat_on_display, uniq_duvessa
D:6:      layout_rooms, minmay_fire_ice_demons, uniq_edmund
D:7:      layout_loops_cross, hangedman_decor_peaks_small, sword_in_stone,
          uniq_prince_ribbit1, uniq_menkaure, uniq_crazy_yiuf_cottage,
          uniq_maggie
D:8:      layout_loops_cross, serial_shops, shop, minmay_ruined_shrine,
          uniq_grum
D:9:      layout_long_grid, lair_entry_dummy, orc_0_dummy
D:10:     layout_cave_pools, uniq_joseph, uniq_snorg
Temple:   dpeg_three_leaves_temple
Lair:1:   lemuel_slime, layout_chaotic_city, portal_ice_cave_rime,
          serial_rivers, chequers_serial_rivers_small_3,
          chequers_serial_rivers_micro_d, chequers_serial_rivers_small_3,
          chequers_serial_rivers_large_b, minivault_23
IceCv:    ice_cave_small_demon

Skill      XL: |  1  2  3  4  5  6  7  8  9 10 11 |
---------------+----------------------------------+-----
Stealth        | 2 |  2.0
Fighting       | 1 2 3 4 5 |  5.0
Bows           | 4 6 14 | 14.8
Spellcasting   | 2 3 4 5 6 7 8 |  8.0
Evocations     | 1 2 3 4 5 |  5.0
Hexes          | 5 7 9 10 | 10.0
Fire Magic     | 2 3 |  3.0
Translocations | 3 4 |  4.0
Summonings     | 3 |  3.0
Earth Magic    | 3 |  3.0
Armour         | 3 4 |  4.7
Invocations    | 4 |  4.6
Conjurations   | 1 |  1.6
Poison Magic   | 1 |  1.7
Air Magic      | 1 |  1.4
Dodging        | |  2.4

Action                   |  1- 3 |  4- 6 |  7- 9 | 10-12 || total
-------------------------+-------+-------+-------+-------++-------
Melee: Dagger            |    33 |   154 |    11 |    15 ||   213
       Short sword       |       |    58 |       |       ||    58
       Battleaxe         |       |    45 |       |       ||    45
 Fire: Shortbow          |    66 |    43 |       |       ||   109
       Longbow           |       |     6 |    84 |   203 ||   293
Throw: Dart              |       |       |     6 |       ||     6
       Throwing net      |       |       |     1 |       ||     1
 Cast: Corona            |     6 |    33 |     5 |       ||    44
       Slow              |    18 |    65 |    27 |    17 ||   127
       Cause Fear        |       |       |    12 |    12 ||    24
       Summon Guardian G |       |       |     6 |    11 ||    17
       Inner Flame       |       |       |     1 |     8 ||     9
       Leda's Liquefacti |       |       |       |     7 ||     7
Evoke: Wand              |       |     6 |     4 |     1 ||    11
  Use: Scroll            |     3 |     5 |     6 |     9 ||    23
       Potion            |       |       |     2 |       ||     2
 Stab: Sleeping          |     1 |     1 |       |       ||     2
Armor: Robe              |    10 |     4 |       |       ||    14
       Leather armour    |       |    33 |     4 |       ||    37
       Swamp dragon scal |       |       |       |    17 ||    17
Dodge: Dodged            |    42 |   142 |    30 |    23 ||   237

Table legend: (Time is in decaauts)
 A = Elapsed time spent in this place.
 B = Non-inter-level travel time spent in this place.
 C = Inter-level travel time spent in this place.
 D = Time resting spent in this place.
 E = Time spent auto-exploring this place.
 F = Levels seen in this place.
 G = Mean time per level.
                   A        B        C        D        E       F      G
               +--------+--------+--------+--------+--------+-----+--------+
         Total |  15638 |  14664 |    974 |   3078 |   8929 |  13 | 1202.9 |
       Dungeon |  14710 |  13748 |    962 |   2597 |   8853 |  10 | 1471.0 |
        Temple |     81 |     70 |     11 |      0 |     62 |   1 |   81.0 |
          Lair |    318 |    318 |      0 |    177 |      0 |   1 |  318.0 |
      Ice Cave |    527 |    527 |      0 |    304 |     14 |   1 |  527.0 |
               +--------+--------+--------+--------+--------+-----+--------+

Top non-repeatable levels by time:
     D:6: 1941 daAuts
     D:3: 1879 daAuts
     D:5: 1771 daAuts
     D:9: 1686 daAuts
    D:10: 1455 daAuts
     D:1: 1408 daAuts
     D:2: 1346 daAuts
     D:7: 1326 daAuts
     D:8: 1079 daAuts
     D:4: 816 daAuts
   IceCv: 527 daAuts
  Lair:1: 318 daAuts
  Temple: 81 daAuts
